Map: 死亡光环-天梯版

Players

TIME (Oliveira) - Winner!

  • Race: Terran Terran

Cyan

  • Race: Protoss Protoss

Event: DreamHack SC2 Masters 2020 Summer China

VOD

Have the link to the VOD?

Description

Time

  • Played on: July 1, 2020, 7:58 a.m.
  • Length: 9:53

All games in this series

Show
View Real Time Build Order
Export as new Build Order

TIME Terran - Winner!

Build Orders: Reaper Expand 

Get SALT Encoding   

  12  0:01  SCV  
  13  0:13  SCV  
  14  0:17  Supply Depot  
  14  0:25  SCV  
  15  0:39  SCV  
  15  0:40  Barracks  
  16  0:44  Refinery  
  16  0:51  SCV  
  17  1:03  SCV  
  18  1:15  SCV  
  19  1:28  Orbital Command, Reaper  
  20  1:39  Command Center  
  20  1:46  Supply Depot  
  20  1:53  SCV  
  21  2:00  Marine  
  22  2:05  SCV  
  22  2:06  Factory  
  23  2:12  Refinery  
  23  2:17  SCV  
  23  2:18  Barracks Tech Lab  
  24  2:29  SCV  
  25  2:36  Marauder  
  27  2:42  SCV  
  28  2:51  Orbital Command  
  28  2:54  SCV  
  29  3:01  Cyclone  
  29  3:03  Barracks Reactor  
  32  3:06  SCV  
  33  3:12  Command Center  
  33  3:17  SCV  
  33  3:18  SCV  
  35  3:26  Barracks  
  34  3:29  SCV  
  34  3:30  SCV  
  36  3:34  Siege Tank  
  36  3:41  Marine x2, SCV  
  41  3:42  SCV  
  41  3:46  Barracks  
  43  3:53  SCV  
  43  3:54  SCV  
  45  3:59  Marine  
  46  4:11  Engineering Bay  
  46  4:14  Barracks Tech Lab  
  46  4:18  Supply Depot  
  46  4:23  Refinery  
  46  4:24  Siege Tank, Orbital Command, Marine x2, SCV x2  
  53  4:32  Stimpack, Marine  
  53  4:36  SCV x2  
  53  4:37  Terran Infantry Weapons Level 1  
  56  4:40  Missile Turret  
  56  4:42  Marine  
  56  4:43  Marine  
  56  4:44  Barracks Tech Lab  
  58  4:48  SCV x2  
  58  4:50  Supply Depot  
  58  4:52  Marine  
  61  5:00  Starport, SCV x2  
  61  5:02  Marine x2  
  61  5:03  Marine  
  61  5:05  Factory Reactor  
  65  5:10  Orbital Command  
  65  5:12  Marauder  
  66  5:14  SCV  
  66  5:15  Combat Shield, SCV  
  66  5:20  Marine x2  
  70  5:21  Supply Depot  
  70  5:22  Refinery  
  70  5:26  SCV  
  71  5:29  Marine  
  71  5:33  Marauder  
  71  5:35  SCV  
  74  5:38  Marine  
  74  5:39  SCV x2  
  74  5:43  Marine  
  74  5:47  SCV  
  74  5:48  Barracks  
  76  5:50  Barracks  
  76  5:51  Supply Depot, SCV x2  
  76  5:54  Marauder  
  76  5:55  Factory Reactor  
  80  5:57  Medivac x2  
  80  6:00  Marine  
  80  6:03  Supply Depot  
  85  6:07  Supply Depot  
  85  6:08  Supply Depot  
  85  6:12  SCV x3  
  85  6:13  Marauder, Concussive Shells  
  85  6:17  Marine  
  85  6:18  Marauder  
  93  6:24  Missile Turret  
  93  6:25  Marine, SCV x3  
  97  6:31  Supply Depot, Terran Infantry Armor Level 1, Medivac  
  97  6:32  Medivac  
  101  6:33  Widow Mine  
  101  6:34  Widow Mine  
  101  6:37  SCV  
  106  6:40  Marauder, Marine  
  106  6:41  Barracks Reactor, Barracks Tech Lab  
  106  6:44  SCV  
  109  6:48  Marauder, Marine  
  109  6:51  Armory  
  109  6:52  SCV  
  113  6:55  Engineering Bay, SCV  
  113  6:57  Refinery  
  113  6:58  Refinery  
  113  6:59  Widow Mine  
  113  7:00  Widow Mine  
  118  7:02  SCV  
  118  7:05  Marauder x2, SCV  
  123  7:10  Marine x2  
  123  7:14  Missile Turret  
  125  7:23  Supply Depot  
  125  7:24  Supply Depot  
  125  7:25  Marauder, Marine x2, Medivac x2  
  133  7:31  Supply Depot  
  133  7:34  SCV  
  133  7:36  Missile Turret  
  133  7:45  Marauder, Marine x4, SCV x2  
  133  7:46  Widow Mine x2  
  133  7:48  Marine x2  
  133  7:50  SCV  
  148  7:57  SCV  
  149  8:01  Supply Depot  
  149  8:02  Supply Depot  
  147  8:09  SCV  
  147  8:10  Marine x2  
  147  8:11  Marauder  
  152  8:17  Marauder, Marine x2  
  154  8:20  SCV  
  154  8:22  SCV  
  155  8:29  Command Center  
  149  8:35  Marine  
  149  8:36  Marine  
  149  8:38  Widow Mine x2, Medivac x2  
  149  8:40  Ghost Academy  
  159  8:41  Marine x2  
  159  8:42  Marauder  
  159  8:44  Barracks x2  
  159  8:45  Barracks  
  162  8:50  SCV x2  
  162  8:51  SCV  
  165  8:56  Supply Depot, Marine x2  
  165  8:57  Supply Depot  
  165  8:59  Marauder  
  168  9:09  Marine x2  
  172  9:10  Marauder  
  172  9:16  Ghost  
  157  9:17  Marine  
  157  9:18  SCV  
  157  9:19  SCV  
  157  9:20  Ghost  
  157  9:21  SCV  
  157  9:22  Marine  
  157  9:23  Widow Mine x2  
  158  9:27  Marine  
  160  9:30  SCV  
  160  9:31  Marauder, SCV  
Show
View Real Time Build Order
Export as new Build Order

Cyan Protoss 

Build Orders: 1 Gate Expand, Double Forge, Oracle Opening, Blink Stalkers 

Get SALT Encoding   

  12  0:00  Probe  
  13  0:13  Probe  
  14  0:18  Pylon  
  14  0:24  Probe  
  15  0:32  Probe  
  15  0:37  Gateway  
  15  0:40  Probe  
  16  0:46  Assimilator  
  17  0:51  Probe  
  18  1:03  Probe  
  19  1:15  Probe  
  20  1:24  Cybernetics Core  
  20  1:31  Nexus  
  20  1:34  Probe  
  21  1:41  Pylon  
  21  1:46  Probe  
  22  1:48  Assimilator  
  22  1:51  Adept  
  22  1:58  Probe  
  25  2:01  Warp Gate  
  25  2:10  Probe  
  25  2:19  Probe  
  25  2:21  Sentry  
  28  2:27  Probe  
  28  2:37  Probe  
  29  2:38  Twilight Council  
  29  2:40  Probe  
  29  2:42  Oracle  
  29  2:43  Shield Battery  
  30  2:47  Stalker  
  30  2:48  Blink, Probe  
  30  2:49  Probe  
  34  2:57  Gateway  
  35  2:58  Probe  
  35  3:02  Probe  
  37  3:10  Probe  
  38  3:14  Probe  
  39  3:22  Probe  
  39  3:27  Probe  
  41  3:34  Probe, Pylon  
  41  3:39  Probe  
  43  3:44  Nexus  
  43  3:47  Probe  
  44  3:51  Pylon, Probe  
  45  3:59  Stalker, Probe  
  45  4:01  Stalker  
  50  4:03  Probe  
  51  4:10  Forge  
  51  4:13  Forge  
  51  4:14  Probe  
  52  4:17  Probe  
  52  4:19  Protoss Ground Weapons Level 1  
  52  4:22  Protoss Ground Armor Level 1  
  52  4:23  Stalker  
  55  4:24  Stalker  
  55  4:28  Assimilator, Probe  
  55  4:30  Probe  
  59  4:33  Pylon  
  59  4:40  Probe  
  59  4:42  Probe  
  61  4:49  Charge  
  61  4:52  Probe  
  62  4:54  Pylon, Probe  
  63  5:02  Gateway  
  63  5:03  Probe  
  63  5:04  Probe  
  65  5:08  Gateway  
  65  5:11  Gateway  
  63  5:19  Sentry, Gateway, Zealot  
  63  5:21  Gateway, Probe  
  68  5:22  Probe  
  68  5:26  Probe  
  68  5:38  Probe  
  68  5:40  Probe x2  
  71  5:45  Robotics Facility  
  71  5:46  Gateway, Pylon  
  71  5:47  Pylon  
  71  5:54  Gateway  
  71  5:55  Sentry, Zealot  
  71  5:56  Probe x2, Pylon  
  77  5:57  Probe  
  77  6:00  Pylon  
  77  6:02  Protoss Ground Weapons Level 2  
  77  6:03  Zealot x2  
  82  6:06  Shield Battery  
  82  6:08  Pylon  
  82  6:09  Pylon  
  82  6:12  Photon Cannon, Protoss Ground Armor Level 2  
  82  6:13  Zealot  
  84  6:25  Zealot x4  
  84  6:26  Pylon, Zealot  
  84  6:30  Zealot  
  96  6:39  Zealot  
  98  6:47  Zealot x5  
  98  6:52  Warp Prism  
  110  6:55  Zealot  
  110  6:58  Stalker  
  114  7:05  Stalker  
  116  7:09  Stalker  
  116  7:10  Stalker x2  
  122  7:16  Pylon  
  122  7:22  Stalker x2, Zealot  
  124  7:25  Pylon  
  124  7:28  Pylon, Zealot x2  
  124  7:29  Observer  
  131  7:39  Zealot x3  
  131  7:42  Nexus  
  137  7:48  Pylon  
  137  7:50  Observer  
  138  7:54  Probe x2  
  138  7:55  Probe  
  139  7:59  Robotics Bay  
  139  8:00  Assimilator  
  139  8:02  Assimilator  
  131  8:06  Probe  
  131  8:11  Observer  
  127  8:13  Zealot x4  
  127  8:14  Zealot x4  
  127  8:19  Probe x3  
  120  8:31  Probe  
  120  8:32  Warp Prism  
  113  8:35  Zealot x9  
  113  8:55  Zealot x6  
  113  8:56  Zealot x3  
  104  9:18  Zealot x9  
Tags
 
Add a new tag
Caveats
  • Supply blocks, unpowered buildings, or Contaminate may cause inaccurate times.
  • Supply counts are checked every 10 seconds.